 Dungeon Crawl Stone Soup version 0.27.0 (webtiles) character file.

Game seed: 8080001920407414458

5637 backslashecho the Cleaver (level 10, 0/91 HPs)
             Began as a Hill Orc Berserker on July 31, 2021.
             Was an Elder of Trog.
             Engulfed by a steam dragon's steam (10 damage)
             ... on level 8 of the Dungeon.
             The game lasted 00:19:52 (10426 turns).

backslashecho the Cleaver (Hill Orc Berserker)     Turns: 10426, Time: 00:19:52

Health: 0/91       AC: 14    Str: 24    XL:     10   Next: 74%
Magic:  0/10       EV:  7    Int:  7    God:    Trog [****..]
Gold:   475        SH: 11    Dex: 10    Spells: 9/9 levels left

rFire    . . .     SeeInvis .   a - +0 war axe
rCold    . . .     Faith    .   d - +0 kite shield
rNeg     . . .     Spirit   +   o - +2 chain mail {Will+}
rPois    .         Reflect  .   (no helmet)
rElec    .         Harm     .   g - +0 cloak
rCorr    .         Rampage  .   (no gloves)
Will     +++..                  (no boots)
Stlth    ..........             p - amulet of guardian spirit
HPRegen  1.25/turn              (no ring)
MPRegen  0.12/turn              (no ring)

@: lethally poisoned (0 -> -1), strong-willed, regenerating
A: no striking features
a: Renounce Religion, Berserk, Trog's Hand, Brothers in Arms


You were on level 8 of the Dungeon.
You worshipped Trog.
Trog was greatly pleased with you.
You visited 1 branch of the dungeon, and saw 8 of its levels.
You also visited: Sewer and Ossuary.

You collected 475 gold pieces.

Inventory:

Hand Weapons
 a - a +0 war axe (weapon)
Missiles
 n - 66 poisoned darts (quivered)
 y - 2 throwing nets
Armour
 d - a +0 kite shield (worn)
 g - a +0 cloak (worn)
 o - a +2 chain mail of willpower (worn)
Jewellery
 p - an amulet of guardian spirit (around neck)
 u - a ring of fire
Wands
 j - a wand of flame (27)
 s - a wand of paralysis (6)
 B - a wand of digging (7)
 D - a wand of polymorph (4)
Scrolls
 b - a scroll of torment
 c - 3 scrolls of blinking
 i - 6 scrolls of teleportation
 k - a scroll of silence
 q - 5 scrolls of identify
 r - a scroll of enchant weapon {unknown}
 A - a scroll of immolation {unknown}
Potions
 e - a potion of might
 f - 2 potions of berserk rage {unknown}
 h - a potion of lignification {unknown}
 l - 4 potions of flight
 m - a potion of resistance {unknown}
 t - a potion of mutation {unknown}
 v - a potion of haste {unknown}
 w - 2 potions of curing
 x - a potion of ambrosia {unknown}
 z - a potion of heal wounds {unknown}
 C - 2 potions of brilliance {unknown}


   Skills:
 - Level 9.0 Fighting
 * Level 13.2 Axes
 + Level 8.1 Armour
 - Level 1.5 Dodging
 + Level 7.6 Shields
 - Level 0.4 Unarmed Combat


You had 9 spell levels left.
You didn't know any spells.
Your spell library was empty.

Dungeon Overview and Level Annotations

Branches:
Dungeon (8/15)             Temple (0/1) D:7           Sewer (visited)
Ossuary (visited)
   Lair: D:8-11

Altars:
Hepliaklqana

Shops:
D:6 ?   D:7 (


Message History

The steam dragon is moderately wounded.
You are engulfed in a cloud of scalding steam.
You feel sick.
The steam dragon bites you but does no damage.
You block the steam dragon's attack.
You are too injured to fight recklessly!
You take 2 damage, and have 23/91 hp.
You closely miss the steam dragon.
The steam dragon is moderately wounded.
You are engulfed in a cloud of scalding steam.
* * * LOW HITPOINT WARNING * * *
You feel sick. You block the steam dragon's attack.
The steam dragon claws you but does no damage.
You are too injured to fight recklessly!
You take 5 damage, and have 18/91 hp.
You now have 5/10 mp.
Unknown command.
Your skin crawls.
You feel strong-willed.
You are engulfed in a cloud of scalding steam.
* * * LOW HITPOINT WARNING * * *
You feel sick. You block the steam dragon's attack.
The steam dragon barely misses you.
You take 4 damage, and have 14/91 hp.
You now have 4/10 mp.
Really walk into that cloud of steam?
Okay, then.
You hit the steam dragon.
The steam dragon is moderately wounded.
You feel sick. You block the steam dragon's attack.
The steam dragon claws you but does no damage.
You completely miss the steam dragon.
The steam dragon is moderately wounded.
You feel sick. The steam dragon breathes steam at you.
The ball of steam hits you.
* * * LOW HITPOINT WARNING * * *
You take 4 damage, and have 10/91 hp.
You now have 3/10 mp.
You closely miss the steam dragon.
The steam dragon is moderately wounded.
You are engulfed in a cloud of scalding steam.
You die...

.# #........#
###..#..###. .#
#.....#### ##.:.###..
.##### #.....# ##### ###
#....# ####### #....#
+## #....# ...# #.)..#
....#
#....#############......
.....'......§.§§@D......
#....#############......
###### ..... .... ... ..
#


You could see a steam dragon (catching breath).

Vanquished Creatures
  A manticore (D:8)
  A tengu conjurer (D:8)
  2 wyverns (D:8)
  3 water moccasins
  2 orc warriors
  2 sky beasts
  A necrophage (D:6)
  2 ice beasts (D:7)
  2 ogres
  3 centaurs
  4 elf zombies (Ossuary)
  5 kobold brigands
  5 bullfrogs
  2 scorpions (D:6)
  A gnoll sergeant (D:6)
  A wyvern skeleton (D:7)
  A howler monkey (D:8)
  A crimson imp (D:5)
  A bullfrog zombie (D:6)
  9 centaur zombies
  A hound (D:6)
  A human zombie (Ossuary)
  6 orc priests (D:7)
  A gnoll shaman (D:5)
  3 jellies
  2 centaur skeletons
  4 iguanas
  Terence (D:2)
  7 orc wizards
  Crazy Yiuf (D:2)
  A killer bee zombie (D:6)
  A hound skeleton (D:4)
  3 mummies (Ossuary)
  A howler monkey zombie (D:6)
  13 gnolls
  6 adders
  3 white imps
  2 ufetubi
  An adder skeleton (D:5)
  2 worms
  A dart slug (D:2)
  36 orcs
  4 endoplasms
  8 giant cockroaches
  6 goblins
  6 hobgoblins
  4 quokkas
  9 ball pythons
  7 bats
  13 frilled lizards
  9 kobolds
  9 rats
  A rat zombie (D:4)
222 creatures vanquished.

Vanquished Creatures (collateral kills)
  A tengu warrior (D:8)
  A steam dragon (D:8)
  An orc warrior (D:8)
  3 orcs (D:8)
6 creatures vanquished.

Vanquished Creatures (others)
  A plant (D:7)
1 creature vanquished.

Grand Total: 229 creatures vanquished

Notes
Turn   | Place    | Note
-------+----------+-------------------------------------------
     0 | D:1      | backslashecho the Hill Orc Berserker began the quest for
                  | the Orb.
     0 | D:1      | Reached XP level 1. HP: 19/19 MP: 1/1
   366 | D:1      | Reached XP level 2. HP: 25/27 MP: 2/2
  1474 | D:2      | Reached XP level 3. HP: 23/33 MP: 3/3
  1580 | D:2      | Reached ** piety under Trog
  1648 | D:2      | Noticed Terence
  1920 | D:2      | Killed Terence
  1921 | D:2      | Reached skill level 5 in Axes
  1921 | D:2      | Reached skill level 1 in Shields
  1950 | D:2      | Found a hazy altar of Hepliaklqana.
  2104 | D:2      | Reached XP level 4. HP: 40/40 MP: 4/4
  2143 | D:2      | Found a runed translucent door.
  2144 | D:2      | Noticed Crazy Yiuf
  2507 | D:2      | Killed Crazy Yiuf
  2579 | D:3      | Found a faded altar of an unknown god.
  2586 | D:3      | Reached XP level 5. HP: 44/47 MP: 5/5
  2785 | D:3      | Found a glowing drain.
  2791 | Sewer    | Entered a sewer
  2916 | Sewer    | Reached skill level 6 in Axes
  3057 | Sewer    | Reached XP level 6. HP: 39/53 MP: 6/6
  3853 | D:4      | Reached *** piety under Trog
  3859 | D:4      | Reached skill level 5 in Fighting
  3859 | D:4      | Reached skill level 7 in Axes
  3966 | D:4      | Found a sand-covered staircase.
  3998 | Ossuary  | Entered an ossuary
  4215 | Ossuary  | Reached XP level 7. HP: 42/61 MP: 7/7
  4461 | Ossuary  | Reached skill level 8 in Axes
  4695 | Ossuary  | Reached XP level 8. HP: 70/70 MP: 8/8
  4836 | D:4      | Reached skill level 5 in Armour
  5310 | D:5      | Entered Level 5 of the Dungeon
  5373 | D:5      | Reached skill level 9 in Axes
  5412 | D:5      | Reached **** piety under Trog
  6727 | D:6      | Reached skill level 5 in Shields
  6729 | D:6      | Reached skill level 10 in Axes
  6800 | D:6      | Reached XP level 9. HP: 57/79 MP: 7/9
  7263 | D:6      | Found Jabab's Magic Scroll Shop.
  7650 | D:7      | Reached ***** piety under Trog
  7852 | D:7      | Reached skill level 11 in Axes
  8577 | D:7      | Found a staircase to the Ecumenical Temple.
  8816 | D:7      | Found Zikhurchu's Antique Weapon Boutique.
  8977 | D:7      | Reached XP level 10. HP: 88/88 MP: 10/10
  9219 | D:8      | Reached skill level 12 in Axes
  9281 | D:8      | Noticed a manticore
  9292 | D:8      | Killed a manticore
  9544 | D:8      | Noticed a tengu warrior
  9576 | D:8      | Killed a tengu warrior
  9983 | D:8      | Reached skill level 13 in Axes
 10426 | D:8      | Engulfed by a steam dragon's steam

Illustrated notes

Levels and vault maps discovered:
D:1:      lightli_arrival_statuegarden, layout_loops_ring, serial_glass,
          glass_columns_c, glass_columns_b, glass_columns_a, glass_columns_a,
          glass_columns_c, minmay_lizard_pond
D:2:      layout_basic, basic_altar, uniq_crazy_yiuf_cottage, uniq_terence
D:3:      layout_rooms, basic_ecumenical_altar, gup_sewer_entry_pipe,
          chequers_serial_rivers_micro_e, uniq_natasha
D:4:      layout_cave_pools, enter_ossuary_3
D:5:      layout_rooms, minmay_fire_ice_demons
D:6:      layout_basic, serial_shops, shop
D:7:      layout_cave_pools, minmay_temple_entry_sparse_star, serial_shops,
          nicolae_shop_overgrown_old_shop, chequers_serial_rivers_small_a,
          st_stairs_4, minmay_misc_feat_alley
D:8:      layout_basic, minmay_misc_feat_diagonals, kennysheep_kite_vault

Skill      XL: |  1  2  3  4  5  6  7  8  9 10 |
---------------+-------------------------------+-----
Fighting       | 4 5 7 8 9 |  9.0
Axes           | 5 6 7 8 10 11 13 | 13.2
Shields        | 1 2 3 5 6 7 |  7.6
Armour         | 3 4 5 7 8 |  8.1
Dodging        | |  1.5
Unarmed Combat | |  0.4

Action                   |  1- 3 |  4- 6 |  7- 9 | 10-12 || total
-------------------------+-------+-------+-------+-------++-------
Melee: Hand axe          |   100 |   233 |   184 |       ||   517
       War axe           |       |       |   304 |   149 ||   453
Invok: Berserk           |     1 |     2 |     3 |     1 ||     7
       Trog's Hand       |       |     1 |     1 |     5 ||     7
       Brothers in Arms  |       |       |       |     1 ||     1
  Use: Scroll            |       |       |    10 |       ||    10
       Potion            |       |       |     2 |       ||     2
Armor: Animal skin       |    24 |       |       |       ||    24
       Chain mail        |     6 |   150 |   252 |    92 ||   500
Dodge: Dodged            |    49 |    54 |   118 |    53 ||   274
Block: Kite shield       |    29 |   106 |   241 |    95 ||   471
